 Dungeon Crawl Stone Soup version 0.27-a0-789-g6bb3289e1e (webtiles) character file.

Game seed: 11008893671585141831

711 robertstho the Shooter (level 7, -2/60 HPs)
             Began as a Minotaur Hunter on Mar 26, 2021.
             Succumbed to a kobold brigand's poison
             ... on level 5 of the Dungeon.
             The game lasted 00:08:43 (5003 turns).

robertstho the Shooter (Minotaur Hunter)            Turns: 5003, Time: 00:08:44

Health: -2/60      AC:  9    Str: 17    XL:     7   Next: 40%
Magic:  6/6        EV: 11    Int:  8    God:
Gold:   208        SH:  0    Dex: 12    Spells: 6/6 levels left

rFire    . . .     SeeInvis .   j - +2 short sword (protect)
rCold    . . .     Faith    .   (no shield)
rNeg     . . .     Spirit   .   m - +0 ring mail
rPois    .         Reflect  .   (helmet restricted)
rElec    .         Harm     .   (no cloak)
rCorr    .         Rampage  .   f - +2 pair of gloves
Will     .....                  (no boots)
Stlth    +.........             (no amulet)
HPRegen  0.20/turn              (no ring)
MPRegen  0.10/turn              (no ring)

@: lethally poisoned (-2 -> -21)
A: horns 2, retaliatory headbutt
a: no special abilities


You were on level 5 of the Dungeon.
You visited 1 branch of the dungeon, and saw 6 of its levels.
You also visited: Ossuary.

You collected 208 gold pieces.

Inventory:

Hand Weapons
 a - a +1 shortbow
 c - a +1 dagger of venom
 e - a +0 whip of freezing
 j - a +2 short sword of protection (weapon)
Missiles
 d - an arrow
Armour
 f - a +2 pair of gloves (worn)
 m - a +0 ring mail (worn)
Wands
 b - a wand of polymorph (3)
Scrolls
 g - 2 scrolls of blinking
 i - a scroll of teleportation
 p - 2 scrolls of immolation {unknown}
 q - a scroll of identify
 r - a scroll of brand weapon {unknown}
Potions
 h - 3 potions of brilliance
 n - a potion of magic


   Skills:
 * Level 4.8 Fighting
 + Level 1.7 Short Blades
 + Level 1.0 Maces & Flails
 * Level 7.1 Bows
 * Level 4.8 Armour
 + Level 3.2 Dodging
 - Level 0.7 Stealth


You had 6 spell levels left.
You didn't know any spells.
Your spell library contained the following spells:

 Spells                   Type           Power      Damage    Failure   Level
 Confusing Touch          Hex            0%         N/A       92%         3
 Gell's Gravitas          Tloc           0%         N/A       92%         3
 Petrify                  Tmut/Erth      0%         N/A       100%        4
 Metabolic Englaciation   Hex/Ice        0%         N/A       100%        5
 Yara's Violent Unravell  Hex/Tmut       0%         3d3       100%        5


Dungeon Overview and Level Annotations

Branches:
Dungeon (6/15)            Ossuary (visited)
 Temple: D:4-7

Altars:
Gozag
Makhleb
Wu Jian
Zin
The Shining One

Shops:
D:3 *

Annotations:
D:4 Sigmund


Innate Abilities, Weirdness & Mutations

You have a pair of horns on your head.
You reflexively headbutt those who attack you in melee.


Message History

A bullfrog comes into view.
The bullfrog croaks.
A centaur comes into view.
An adder comes into view.
The centaur moves out of view.
There is a stone staircase leading up here.
The bullfrog gives a loud, deep croak!
You hear a shout!
You climb upwards.
Found 16 stones.
There is a stone staircase leading down here.
You flicker for a moment.
You flicker back into view.
A kobold brigand is nearby!
A kobold brigand is nearby!
A kobold brigand is nearby!
A kobold brigand is nearby!
You are too injured to fight recklessly!
You are too injured to fight recklessly!
You are too injured to fight recklessly!
The kobold brigand hits you but does no damage.
You barely miss the kobold brigand.
The kobold brigand hits you with a +0 dagger.
* * * LOW HITPOINT WARNING * * *
You hit the kobold brigand.
Your weapon exudes an aura of protection.
The kobold brigand is lightly wounded.
The kobold brigand hits you but does no damage.
Okay, then.
As you read the scroll of fear, it crumbles to dust.
You assume a fearsome visage.
The kobold brigand looks frightened! x2
Your magical contamination has completely faded away.
There is a stone staircase leading down here.
The kobold brigand throws a poisoned dart.
The poisoned dart hits you!
You are poisoned.
You feel very sick.
The kobold brigand shouts!
The kobold brigand throws a poisoned dart.
The poisoned dart hits you!
You are lethally poisoned!
You die...

#(.# #.#
#.....#
##(## .#.#
##'''## #..#
.# #..K#
##.# .#.#
..... #(.
.#.# .......
##(#.#.#
#.......#
..(.#.#
#....K..#
#######.##.#
#....KK?#
#......@...#
#..........#
'K.........#
#.......(..#
...........#
...........#
#####......#
#K###..# #.
#..#


You could see 2 kobold brigands.

Vanquished Creatures
  A kobold brigand (D:5)
  A scorpion (D:4)
  2 howler monkeys
  A crimson imp (D:2)
  A human zombie (Ossuary)
  A jelly (D:5)
  2 centaur zombies (Ossuary)
  An orc priest (D:3)
  An iguana (D:5)
  Terence (D:3)
  An orc wizard (D:5)
  A hound skeleton (D:5)
  2 mummies (Ossuary)
  7 gnolls
  3 adders (D:2)
  2 worms
  A dart slug (D:3)
  11 orcs
  7 bats
  6 endoplasms
  5 giant cockroaches
  9 goblins
  7 hobgoblins
  2 jackals (D:2)
  4 quokkas
  6 ball pythons
  5 frilled lizards
  9 hobgoblin zombies (Ossuary)
  2 jackal zombies (Ossuary)
  7 kobolds
  12 kobold zombies (Ossuary)
  9 orc zombies (Ossuary)
  6 rats
  2 rat zombies (Ossuary)
138 creatures vanquished.

Vanquished Creatures (others)
  12 toadstools (D:5)
12 creatures vanquished.

Grand Total: 150 creatures vanquished

Notes
Turn   | Place    | Note
-------+----------+-------------------------------------------
     0 | D:1      | robertstho the Minotaur Hunter began the quest for the Orb.
     0 | D:1      | Reached XP level 1. HP: 18/18 MP: 0/0
   605 | D:1      | Reached XP level 2. HP: 22/25 MP: 1/1
   776 | D:1      | Reached skill level 1 in Armour
  1138 | D:1      | Reached skill level 5 in Bows
  1386 | D:1      | Reached XP level 3. HP: 29/30 MP: 2/2
  1882 | D:2      | Found a glowing silver altar of Zin.
  2097 | D:2      | Reached XP level 4. HP: 38/38 MP: 3/3
  2136 | D:2      | Found an ornate altar of the Wu Jian Council.
  2205 | D:2      | You fall into a shaft and drop 1 floor!
  2263 | D:3      | Found an opulent altar of Gozag.
  2266 | D:3      | Found Gozag's Platinum Reserve.
  2522 | D:2      | Found a burning altar of Makhleb.
  2533 | D:2      | Reached skill level 1 in Maces & Flails
  2533 | D:2      | Reached XP level 5. HP: 45/45 MP: 4/4
  2708 | D:3      | Found a glowing golden altar of the Shining One.
  2888 | D:3      | Noticed Terence
  2892 | D:3      | Reached skill level 1 in Short Blades
  2914 | D:3      | Killed Terence
  3389 | D:4      | Noticed Sigmund
  3539 | D:4      | Reached XP level 6. HP: 48/52 MP: 5/5
  3807 | D:5      | Entered Level 5 of the Dungeon
  4060 | D:5      | Found a sand-covered staircase.
  4070 | Ossuary  | Entered an ossuary
  4426 | Ossuary  | Reached skill level 6 in Bows
  4573 | D:5      | Reached XP level 7. HP: 60/60 MP: 6/6
  4805 | D:5      | Reached skill level 7 in Bows
  5003 | D:5      | Succumbed to a kobold brigand's poison

Illustrated notes

Levels and vault maps discovered:
D:1:      dpeg_arrival_radiant, layout_basic, bh_walls_and_bars
D:2:      layout_basic, makhleb_grotto_becter, lemuel_round_altar,
          nicolae_overflow_hidden_temple
D:3:      layout_rooms, overflow_temple_1_default,
          nicolae_gozag_zags_fifth_avenue, uniq_terence
D:4:      layout_cave_pools, uniq_crazy_yiuf_cottage, uniq_sigmund
D:5:      cheibrodos_fertilizer, layout_basic,
          lightli_ossuary_entry_decrepit_ruins
D:6:      layout_layer_cave, nemelex_xobeh_ov_fountains_minmay,
          minmay_temple_entry_purple_smoke

Skill      XL: |  1  2  3  4  5  6  7 |
---------------+----------------------+-----
Armour         | 1 2 4 |  4.8
Bows           | 5 6 7 |  7.1
Fighting       | 3 4 |  4.8
Maces & Flails | 1 |  1.0
Short Blades   | 1 |  1.7
Dodging        | 3 |  3.2
Stealth        | |  0.7

Action                   |  1- 3 |  4- 6 |  7- 9 || total
-------------------------+-------+-------+-------++-------
Melee: Whip              |    55 |       |       ||    55
       Short sword       |    49 |    44 |    25 ||   118
       Headbutt          |    14 |    23 |     5 ||    42
       Dagger            |     5 |    72 |       ||    77
 Fire: Shortbow          |       |   132 |    29 ||   161
  Use: Scroll            |     3 |     8 |     4 ||    15
       Potion            |       |     4 |     4 ||     8
Armor: Leather armour    |    11 |       |       ||    11
       Ring mail         |    28 |    63 |    12 ||   103
Dodge: Dodged            |    70 |   114 |    18 ||   202

Table legend: (Time is in decaauts)
 A = Elapsed time spent in this place.
 B = Non-inter-level travel time spent in this place.
 C = Inter-level travel time spent in this place.
 D = Time resting spent in this place.
 E = Time spent auto-exploring this place.
 F = Levels seen in this place.
 G = Mean time per level.
                   A        B        C        D        E       F      G
               +--------+--------+--------+--------+--------+-----+--------+
         Total |   4993 |   4945 |     48 |    393 |   3531 |   7 |  713.3 |
       Dungeon |   4563 |   4515 |     48 |    393 |   3263 |   6 |  760.5 |
       Ossuary |    429 |    429 |      0 |      0 |    268 |   1 |  429.0 |
               +--------+--------+--------+--------+--------+-----+--------+

Top non-repeatable levels by time:
     D:1: 1587 daAuts
     D:3: 934 daAuts
     D:2: 885 daAuts
     D:5: 727 daAuts
 Ossuary: 429 daAuts
     D:4: 407 daAuts
     D:6: 21 daAuts
